3L
NEW ORLEANS VOODOO @ OAKLAND OAKS
08/23/2031
 
TOP OF THE 1ST
New Orleans Voodoo batting - Pitching for Oakland Oaks : RHP Panda Montana
Pitching: RHP Panda Montana
Batting: SHB Zuberi Mccray 0-0: Swinging Strike
0-1: Ball
1-1: SINGLE (Groundball, 56D)
Batting: RHB Orlando Velásquez 0-0: Ball
1-0: Ball
2-0: Foul Ball, location: 2F
2-1: Foul Ball, location: 2F
2-2: Ball
3-2: Fly out, F8 (Flyball, 78D)
Batting: LHB Mario Nieves 0-0: Called Strike
0-1: Swinging Strike
0-2: Fly out, F9 (Flyball, 9)
Batting: LHB William O'Keefe 0-0: Ball
1-0: Called Strike
1-1: Swinging Strike
1-2: Strikes out swinging
Top of the 1st over - 0 runs, 1 hit, 0 errors, 1 left on base; New Orleans 0 - Oakland 0
BOTTOM OF THE 1ST
Oakland Oaks batting - Pitching for New Orleans Voodoo : LHP Myles Wilkerson
Pitching: LHP Myles Wilkerson
Batting: RHB Joseph Papasogli 0-0: Called Strike
0-1: Swinging Strike
0-2: Ball
1-2: Ground out 5-3 (Groundball, 56)
Batting: RHB Mark Finney 0-0: Ball
1-0: Ball
2-0: Foul Ball, location: 2F
2-1: SINGLE (Flyball, 78S)
Batting: RHB Alfonso Nazario 0-0: 2-RUN HOME RUN (Flyball, 7LD), Distance : 378 ft
Batting: RHB Joe Phillips 0-0: Ball
1-0: Ground out 4-3 (Groundball, 4)
Batting: SHB Luis Luquín 0-0: Called Strike
0-1: Fly out, F5 (Line Drive, 5)
Bottom of the 1st over - 2 runs, 2 hits, 0 errors, 0 left on base; New Orleans 0 - Oakland 2
TOP OF THE 2ND
New Orleans Voodoo batting - Pitching for Oakland Oaks : RHP Panda Montana
Batting: RHB Griffin Woodfinlevine 0-0: Ball
1-0: Called Strike
1-1: Swinging Strike
1-2: Foul Ball, location: 2F
1-2: Fly out, F5 (Line Drive, 6)
Batting: RHB Mario Álvarez 0-0: Foul Ball, location: 2F
0-1: Ball
1-1: Foul Ball, location: 2F
1-2: Ball
2-2: SINGLE (Line Drive, 9LS)
Batting: RHB António Pérez 0-0: Called Strike
0-1: Ball
1-1: Swinging Strike
1-2: SINGLE (Groundball, 56D)
Mario Álvarez to second
Batting: RHB Claudio Tappen 0-0: Ball
1-0: Called Strike
1-1: Called Strike
Mario Álvarez steals 3rd base
António Pérez to second
1-2: Fly out, F7 (Flyball, 7)
Runner from 3rd tags up, SCORES, no throw
Batting: RHB Arnold Giroux 0-0: Foul Ball, location: 2F
0-1: SINGLE (Line Drive, 89S)
António Pérez to third
Runner from 3rd tries for Home, SAFE, no throw
Batting: SHB Zuberi Mccray 0-0: Fly out, F8 (Flyball, 8RM)
Top of the 2nd over - 2 runs, 3 hits, 0 errors, 1 left on base; New Orleans 2 - Oakland 2
BOTTOM OF THE 2ND
Oakland Oaks batting - Pitching for New Orleans Voodoo : LHP Myles Wilkerson
Batting: RHB Yehonatan Chazan 0-0: Called Strike
0-1: Ball
1-1: Ground out 6-3 (Groundball, 6S)
Batting: RHB Ricardo Téllez 0-0: Foul Ball, location: 2F
0-1: Foul Ball, location: 2F
0-2: Fly out, F7 (Flyball, 7S)
Batting: RHB Colin O'Connell 0-0: SINGLE (Groundball, 6S) (infield hit)
Batting: RHB Mike Wazowski 0-0: Fly out, F6 (Line Drive, 6M)
Bottom of the 2nd over - 0 runs, 1 hit, 0 errors, 1 left on base; New Orleans 2 - Oakland 2
TOP OF THE 3RD
New Orleans Voodoo batting - Pitching for Oakland Oaks : RHP Panda Montana
Batting: RHB Orlando Velásquez 0-0: Ball
1-0: Ball
2-0: Foul Ball, location: 2F
2-1: SINGLE (Line Drive, 56)
Batting: LHB Mario Nieves 0-0: Ball
1-0: Ball
2-0: Ball
3-0: Base on Balls
Orlando Velásquez to second
Batting: LHB William O'Keefe 0-0: SINGLE (Line Drive, 78S)
Orlando Velásquez to third
Mario Nieves to second
Batting: RHB Griffin Woodfinlevine 0-0: Ball
1-0: Ball
2-0: Ball
3-0: Called Strike
3-1: Called Strike
3-2: Base on Balls
Orlando Velásquez scores
Mario Nieves to third
William O'Keefe to second
Batting: RHB Mario Álvarez 0-0: Foul Ball, location: 2F
0-1: Swinging Strike
0-2: Strikes out swinging
Batting: RHB António Pérez 0-0: Called Strike
0-1: Ball
1-1: Foul Ball, location: 2F
1-2: Fly out, F8 (Line Drive, 8RD)
Runner from 3rd tags up, SCORES, throw made
Batting: RHB Claudio Tappen 0-0: Ball
1-0: Called Strike
1-1: Called Strike
1-2: Strikes out swinging
Top of the 3rd over - 2 runs, 2 hits, 0 errors, 2 left on base; New Orleans 4 - Oakland 2
BOTTOM OF THE 3RD
Oakland Oaks batting - Pitching for New Orleans Voodoo : LHP Myles Wilkerson
Batting: RHB Joseph Papasogli 0-0: Called Strike
0-1: Ball
1-1: Ground out 6-3 (Groundball, 6)
Batting: RHB Mark Finney 0-0: Called Strike
0-1: Called Strike
0-2: Ground out 1-3 (Groundball, 13S)
Batting: RHB Alfonso Nazario 0-0: Ball
1-0: Foul Ball, location: 2F
1-1: Called Strike
1-2: Strikes out looking
Bottom of the 3rd over - 0 runs, 0 hits, 0 errors, 0 left on base; New Orleans 4 - Oakland 2
TOP OF THE 4TH
New Orleans Voodoo batting - Pitching for Oakland Oaks : RHP Panda Montana
Batting: RHB Arnold Giroux 0-0: Foul Ball, location: 2F
0-1: Swinging Strike
0-2: Ball
1-2: Ball
2-2: Ball
3-2: Strikes out looking
Batting: SHB Zuberi Mccray 0-0: Ground out 1-3 (Groundball, P)
Batting: RHB Orlando Velásquez 0-0: Ball
1-0: Ball
2-0: Ball
3-0: Base on Balls
Batting: LHB Mario Nieves 0-0: Called Strike
0-1: Ball
1-1: Called Strike
1-2: Ball
2-2: SINGLE (Line Drive, 89S)
Orlando Velásquez to second
Runner from 2nd tries for 3rd, SAFE, no throw
Batting: LHB William O'Keefe 0-0: Ball
1-0: Ball
2-0: Ground out 4-3 (Groundball, 4)
Top of the 4th over - 0 runs, 1 hit, 0 errors, 2 left on base; New Orleans 4 - Oakland 2
BOTTOM OF THE 4TH
Oakland Oaks batting - Pitching for New Orleans Voodoo : LHP Myles Wilkerson
Batting: RHB Joe Phillips 0-0: Called Strike
0-1: Foul Ball, location: 2F
0-2: Ground out 5-3 (Groundball, 5)
Batting: SHB Luis Luquín 0-0: Ball
1-0: Ball
2-0: Ground out 1-3 (Groundball, 15S)
Batting: RHB Yehonatan Chazan 0-0: Fly out, F7 (Flyball, 7S)
Bottom of the 4th over - 0 runs, 0 hits, 0 errors, 0 left on base; New Orleans 4 - Oakland 2
TOP OF THE 5TH
New Orleans Voodoo batting - Pitching for Oakland Oaks : RHP Panda Montana
Batting: RHB Griffin Woodfinlevine 0-0: Ball
1-0: Fly out, F4 (Popup, 34)
Batting: RHB Mario Álvarez 0-0: Ball
1-0: Called Strike
1-1: SOLO HOME RUN (Flyball, 7D), Distance : 391 ft
Batting: RHB António Pérez 0-0: Fly out, F3 (Popup, 3F)
Batting: RHB Claudio Tappen 0-0: Fly out, F8 (Flyball, 8LXD)
Top of the 5th over - 1 run, 1 hit, 0 errors, 0 left on base; New Orleans 5 - Oakland 2
BOTTOM OF THE 5TH
Oakland Oaks batting - Pitching for New Orleans Voodoo : LHP Myles Wilkerson
Batting: RHB Ricardo Téllez 0-0: Ball
1-0: Ball
2-0: Ground out 5-3 (Groundball, 5S)
Batting: RHB Colin O'Connell 0-0: Foul Ball, location: 2F
0-1: Ball
1-1: Ball
2-1: Foul Ball, location: 2F
2-2: Strikes out looking
Batting: RHB Mike Wazowski 0-0: Called Strike
0-1: SINGLE (Groundball, 34D)
Batting: RHB Joseph Papasogli 0-0: Called Strike
0-1: Ball
Mike Wazowski steals 2nd base
1-1: Called Strike
1-2: Foul Ball, location: 2F
1-2: Ball
2-2: Foul Ball, location: 2F
2-2: Foul Ball, location: 2F
2-2: Fly out, F8 (Flyball, 89D)
Bottom of the 5th over - 0 runs, 1 hit, 0 errors, 1 left on base; New Orleans 5 - Oakland 2
TOP OF THE 6TH
New Orleans Voodoo batting - Pitching for Oakland Oaks : RHP Panda Montana
Pitching: RHP Artie Best
Batting: RHB Arnold Giroux 0-0: Swinging Strike
0-1: Foul Ball, location: 2F
0-2: Ball
1-2: Foul Ball, location: 2F
1-2: Ball
2-2: Ball
3-2: Base on Balls
Batting: SHB Zuberi Mccray 0-0: Bunted foul
0-1: Bunted foul
0-2: Ball
1-2: Ball
Arnold Giroux is caught stealing 2nd base
2-2: Ball
3-2: Foul Ball, location: 2F
3-2: Foul Ball, location: 2F
3-2: Base on Balls
Batting: RHB Orlando Velásquez 0-0: Called Strike
0-1: Ball
1-1: Foul Ball, location: 2F
1-2: Strikes out swinging
Batting: LHB Mario Nieves 0-0: Swinging Strike
0-1: Foul Ball, location: 2F
0-2: Ball
1-2: Fly out, F4 (Flyball, 34D)
Top of the 6th over - 0 runs, 0 hits, 0 errors, 1 left on base; New Orleans 5 - Oakland 2
BOTTOM OF THE 6TH
Oakland Oaks batting - Pitching for New Orleans Voodoo : LHP Myles Wilkerson
Batting: RHB Mark Finney 0-0: Called Strike
0-1: Called Strike
0-2: Strikes out swinging
Batting: RHB Alfonso Nazario 0-0: Foul Ball, location: 2F
0-1: Ball
1-1: Called Strike
1-2: Ball
2-2: Ball
3-2: SINGLE (Flyball, 8LS)
Batting: RHB Joe Phillips 0-0: Grounds into double play, 5-4-3 (Groundball, 56)
Bottom of the 6th over - 0 runs, 1 hit, 0 errors, 0 left on base; New Orleans 5 - Oakland 2
TOP OF THE 7TH
New Orleans Voodoo batting - Pitching for Oakland Oaks : RHP Artie Best
Batting: LHB William O'Keefe 0-0: Ball
1-0: Called Strike
1-1: SINGLE (Groundball, 4MD)
Batting: RHB Griffin Woodfinlevine 0-0: Called Strike
0-1: Ball
1-1: Ball
2-1: Ball
3-1: Called Strike
3-2: Foul Ball, location: 2F
3-2: Base on Balls
William O'Keefe to second
Batting: RHB Mario Álvarez 0-0: Ball
1-0: Swinging Strike
1-1: Ball
2-1: Swinging Strike
2-2: Ball
3-2: Strikes out looking
Batting: RHB António Pérez 0-0: Ball
1-0: Ball
2-0: Fielders Choice at 2nd, 6-4 (Groundball, 6)
William O'Keefe to third
Batting: RHB Claudio Tappen 0-0: Ball
1-0: Called Strike
1-1: Ball
2-1: Foul Ball, location: 2F
2-2: Foul Ball, location: 2F
2-2: Foul Ball, location: 2F
2-2: SINGLE (Groundball, 6) (infield hit)
William O'Keefe scores
António Pérez to second
Batting: RHB Arnold Giroux 0-0: Ball
1-0: Ground out U3 (Groundball, 23)
Top of the 7th over - 1 run, 2 hits, 0 errors, 2 left on base; New Orleans 6 - Oakland 2
BOTTOM OF THE 7TH
Oakland Oaks batting - Pitching for New Orleans Voodoo : LHP Myles Wilkerson
Batting: SHB Luis Luquín 0-0: Foul Ball, location: 2F
0-1: Ball
1-1: Ball
2-1: Called Strike
2-2: Ground out 3-1 (Groundball, 34S)
Batting: RHB Yehonatan Chazan 0-0: SINGLE (Line Drive, 8RS)
Batting: RHB Ricardo Téllez 0-0: Ball
1-0: Ball
2-0: Foul Ball, location: 2F
2-1: Grounds into double play, 4-6-3 (Groundball, 4)
Bottom of the 7th over - 0 runs, 1 hit, 0 errors, 0 left on base; New Orleans 6 - Oakland 2
TOP OF THE 8TH
New Orleans Voodoo batting - Pitching for Oakland Oaks : RHP Artie Best
Batting: SHB Zuberi Mccray 0-0: Ball
1-0: Ball
2-0: Ball
3-0: Base on Balls
Batting: RHB Orlando Velásquez 0-0: Bunted foul
0-1: Sac Bunt - play at first, batter OUT! 5-4
Zuberi Mccray to second
Pitching: RHP Lyle Lanley
Batting: LHB Mario Nieves 0-0: Ball
1-0: Foul Ball, location: 2F
1-1: Called Strike
1-2: Strikes out looking
Batting: LHB William O'Keefe 0-0: Called Strike
0-1: Foul Ball, location: 2F
0-2: Foul Ball, location: 2F
0-2: Ball
1-2: Ball
2-2: Strikes out swinging
Top of the 8th over - 0 runs, 0 hits, 0 errors, 1 left on base; New Orleans 6 - Oakland 2
BOTTOM OF THE 8TH
Oakland Oaks batting - Pitching for New Orleans Voodoo : LHP Myles Wilkerson
Batting: RHB Colin O'Connell 0-0: Called Strike
0-1: TRIPLE (Line Drive, 78XD)
Batting: RHB Mike Wazowski 0-0: Called Strike
0-1: Called Strike
0-2: SINGLE (Line Drive, 5D)
Colin O'Connell scores
Pitching: RHP Bob Roth
Batting: RHB Joseph Papasogli 0-0: Ball
1-0: Ball
2-0: Foul Ball, location: 2F
2-1: Fielders Choice at 2nd, 6-4 (Groundball, 6)
Batting: RHB Mark Finney 0-0: Swinging Strike
0-1: Ball
1-1: Ball
2-1: Ball
3-1: Ground out 5-3 (Groundball, 56S)
Joseph Papasogli to second
Batting: RHB Alfonso Nazario 0-0: Foul Ball, location: 2F
0-1: Ground out 1-3 (Groundball, 13)
Bottom of the 8th over - 1 run, 2 hits, 0 errors, 1 left on base; New Orleans 6 - Oakland 3
TOP OF THE 9TH
New Orleans Voodoo batting - Pitching for Oakland Oaks : RHP Lyle Lanley
Pitching: LHP José Castaneda
Batting: RHB Griffin Woodfinlevine 0-0: Swinging Strike
0-1: SINGLE (Flyball, 89M)
Batting: RHB Mario Álvarez 0-0: Called Strike
0-1: Sac Bunt - play at first, batter OUT! U3
Griffin Woodfinlevine to second
Batting: RHB António Pérez 0-0: Ground out 5-3 (Groundball, 25)
Griffin Woodfinlevine to third
Batting: RHB Claudio Tappen 0-0: Ball
1-0: Ball
2-0: Foul Ball, location: 2F
2-1: SINGLE (Groundball, 34D)
Griffin Woodfinlevine scores
Batting: RHB Arnold Giroux 0-0: Fly out, F9 (Flyball, 89D)
Top of the 9th over - 1 run, 2 hits, 0 errors, 1 left on base; New Orleans 7 - Oakland 3
BOTTOM OF THE 9TH
Oakland Oaks batting - Pitching for New Orleans Voodoo : RHP Bob Roth
Batting: RHB Joe Phillips 0-0: Foul Ball, location: 2F
0-1: Ball
1-1: Ground out 1-3 (Groundball, 15S)
Batting: SHB Luis Luquín 0-0: Called Strike
0-1: Fly out, F8 (Line Drive, 8RM)
Batting: RHB Yehonatan Chazan 0-0: Fly out, F9 (Flyball, 89D)
Bottom of the 9th over - 0 runs, 0 hits, 0 errors, 0 left on base; New Orleans 7 - Oakland 3
Tuesday, June 12th, 2018 - OOTP Baseball 18.8 Build 76